 Dungeon Crawl Stone Soup version 0.23-a0-395-gcf17ac6 (webtiles) character file.

1626 Ijustatesigmund the Thaumaturge (level 8, -1/59 HPs)
             Began as a Gnoll Wizard on Nov 1, 2018.
             Was an Initiate of Cheibriados.
             Slain by a sky beast (5 damage)
             ... on level 6 of the Dungeon.
             The game lasted 00:15:30 (6371 turns).

Ijustatesigmund the Thaumaturge (Gnoll Wizard)      Turns: 6371, Time: 00:15:31

Health: -1/59      AC:  5    Str: 12    XL:     8   Next: 97%
Magic:  19/20      EV: 15    Int: 21    God:    Cheibriados [......]
Gold:   232        SH:  0    Dex: 16    Spells: 10/23 levels left

rFire    . . .     SeeInvis .   i - +2 hand axe (freeze)
rCold    . . .     Gourm    .   (no shield)
rNeg     . . .     Faith    .   a - +0 leather armour
rPois    .         Spirit   .   b - +0 hat
rElec    .         Reflect  .   (no cloak)
rCorr    .         Harm     .   h - +1 pair of gloves
MR       .....                  (no boots)
Stlth    ++++......             k - amulet of regeneration
HPRegen  0.59/turn              j - ring of stealth
MPRegen  0.17/turn              e - ring of wizardry

@: very slow
A: distributed training, fangs 1, strong nose
a: Bend Time, Renounce Religion


You were on level 6 of the Dungeon.
You worshipped Cheibriados.
Cheibriados was noncommittal.
You were not hungry.

You visited 1 branch of the dungeon, and saw 6 of its levels.
You also visited: Sewer.

You collected 232 gold pieces.

Inventory:

Hand Weapons
 i - a +2 hand axe of freezing (weapon)
Armour
 a - a +0 leather armour (worn)
 b - a +0 hat (worn)
 h - a +1 pair of gloves (worn)
Jewellery
 e - a ring of wizardry (right hand)
 j - a ring of stealth (left hand)
 k - an amulet of regeneration (around neck)
 p - an uncursed ring of resist corrosion {unknown}
Scrolls
 o - a scroll of remove curse
Potions
 c - a potion of cancellation
 f - a potion of curing
 g - 2 potions of agility
 l - a potion of flight {unknown}
 n - 2 potions of brilliance {unknown}
Comestibles
 d - a ration
 q - 2 chunks of flesh


   Skills:
 + Level 3.6 Fighting
 + Level 3.6 Short Blades
 + Level 3.6 Long Blades
 + Level 3.6 Axes
 + Level 3.6 Maces & Flails
 + Level 3.6 Polearms
 + Level 3.6 Staves
 + Level 3.6 Slings
 + Level 3.6 Bows
 + Level 3.6 Crossbows
 + Level 3.6 Throwing
 + Level 3.6 Armour
 + Level 5.9 Dodging
 + Level 5.6 Stealth
 + Level 3.6 Shields
 + Level 3.6 Unarmed Combat
 + Level 8.1 Spellcasting
 + Level 3.7 Conjurations
 + Level 3.0 Hexes
 + Level 3.0 Charms
 + Level 3.7 Summonings
 + Level 3.0 Necromancy
 + Level 3.7 Translocations
 + Level 3.0 Transmutations
 + Level 3.0 Fire Magic
 + Level 3.0 Ice Magic
 + Level 3.0 Air Magic
 + Level 3.0 Earth Magic
 + Level 3.0 Poison Magic
 + Level 4.0 Invocations
 + Level 3.6 Evocations


You had 10 spell levels left.
You knew the following spells:

 Your Spells              Type           Power        Failure   Level  Hunger
a - Magic Dart            Conj           ###.         1%          1    None
b - Blink                 Tloc           N/A          1%          2    None
c - Apportation           Tloc           ###...       1%          1    None
d - Dazzling Spray        Conj/Hex       ###...       3%          3    None
e - Conjure Flame         Conj/Fire      ###.....     3%          3    None
f - Mephitic Cloud        Conj/Pois/Air  ###.....     3%          3    None

Your spell library contained the following spells:

 Spells                   Type           Power        Failure   Level  Hunger
 Animate Skeleton         Necr           N/A          1%          1    None
 Confusing Touch          Hex            ###...       1%          1    None
 Corona                   Hex            ###....      1%          1    None
 Summon Small Mammal      Summ           ###.         1%          1    None
 Call Imp                 Summ           ###.....     1%          2    None
 Ensorcelled Hibernation  Hex/Ice        ###...       1%          2    None
 Slow                     Hex            ###.....     1%          2    None
 Confuse                  Hex            ###.....     3%          3    None
 Tukima's Dance           Hex            ###.....     3%          3    None


Dungeon Overview and Level Annotations

Branches:
Dungeon (6/15)             Temple (0/1) D:4

Altars:
Cheibriados
Kikubaaqudgha
Sif Muna
Wu Jian
Zin

Shops:
D:4 %


Innate Abilities, Weirdness & Mutations

Your experience applies equally to all skills.
You have very sharp teeth.
Your uncanny sense of smell can sniff out nearby items.


Message History

Your Invocations skill increases to level 4!
You hit the orc priest but do no damage.
You hit something. You freeze something.
The orc priest invokes the aid of Beogh against you.
You struggle to resist.
Something barely misses you.
You closely miss the orc priest.
The orc priest is moderately wounded.
You closely miss something. The orc priest misses you.
Something hits you but does no damage.
You hit the orc priest. You freeze the orc priest.
Your bite misses the orc priest.
The orc priest is almost dead.
You miss something. The orc priest closely misses you.
Something hits you but does no damage.
You slash the orc priest! You freeze the orc priest.
You kill the orc priest!
Cheibriados appreciates the change of pace.
You miss something. Something hits you but does no damage.
You barely miss something. You punch something. Something hits you.
You die...

#.#.#####.#.####..#
##.#)........#
#..........###
#..######### #...#
########
#.#.#####......o
#............##
###.####......##
#.# #......@# #.#
#....){...# #(#
#.......#.# #>#
#....(.....# ...
#.#...###..# ..
......## ..#
........ .#
###.####. #


There were no monsters in sight!

Vanquished Creatures
  Menkaure (D:6)
  An ice beast (D:5)
  3 ogres
  A centaur (D:5)
  2 big kobolds (Sewer)
  Blork the orc (D:4)
  A bullfrog (D:3)
  4 crimson imps (D:5)
  2 jellies (D:5)
  A centaur zombie (D:5)
  3 hounds
  A bullfrog skeleton (D:4)
  2 iguanas
  2 orc priests (D:6)
  2 orc wizards
  2 worker ants (D:4)
  A hound skeleton (D:4)
  A mummy (D:5)
  Robin (D:2)
  3 gnolls (D:5)
  4 adders
  4 oozes
  An adder skeleton (D:4)
  A worm (D:4)
  A dart slug (D:1)
  6 leopard geckos
  10 orcs
  3 bat zombies (D:2)
  4 giant cockroaches
  16 goblins
  7 hobgoblins
  2 jackals (D:4)
  16 kobolds
  3 quokkas
  2 ball pythons
  A ball python skeleton (D:4)
  10 bats
  4 frilled lizards
  10 rats
  2 rat zombies (D:2)
142 creatures vanquished.

Vanquished Creatures (others)
  An orc wizard (D:3)
1 creature vanquished.

Grand Total: 143 creatures vanquished

Notes
Turn   | Place    | Note
-------+----------+-------------------------------------------
     0 | D:1      | Ijustatesigmund the Gnoll Wizard began the quest for the
                  | Orb.
     0 | D:1      | Reached XP level 1. HP: 13/13 MP: 8/8
   366 | D:1      | Reached XP level 2. HP: 17/19 MP: 0/10
   550 | D:1      | Learned a level 2 spell: Blink
  1081 | D:2      | Noticed Robin
  1086 | D:2      | Reached XP level 3. HP: 25/25 MP: 0/11
  1530 | D:2      | Killed Robin
  1530 | D:2      | Reached skill level 1 in Invocations
  1762 | D:2      | Reached skill level 1 in Fighting
  1762 | D:2      | Reached skill level 1 in Short Blades
  1762 | D:2      | Reached skill level 1 in Long Blades
  1762 | D:2      | Reached skill level 1 in Axes
  1762 | D:2      | Reached skill level 1 in Maces & Flails
  1762 | D:2      | Reached skill level 1 in Polearms
  1762 | D:2      | Reached skill level 1 in Staves
  1762 | D:2      | Reached skill level 1 in Slings
  1762 | D:2      | Reached skill level 1 in Bows
  1762 | D:2      | Reached skill level 1 in Crossbows
  1762 | D:2      | Reached skill level 1 in Throwing
  1762 | D:2      | Reached skill level 1 in Armour
  1762 | D:2      | Reached skill level 1 in Shields
  1762 | D:2      | Reached skill level 1 in Unarmed Combat
  1762 | D:2      | Reached skill level 1 in Evocations
  1784 | D:2      | Found an ancient bone altar of Kikubaaqudgha.
  1836 | D:2      | Reached XP level 4. HP: 24/32 MP: 13/13
  2024 | D:2      | Learned a level 1 spell: Apportation
  2137 | D:2      | Found a faded altar of an unknown god.
  2343 | D:3      | Reached skill level 1 in Hexes
  2343 | D:3      | Reached skill level 1 in Charms
  2343 | D:3      | Reached skill level 1 in Necromancy
  2343 | D:3      | Reached skill level 1 in Transmutations
  2343 | D:3      | Reached skill level 1 in Fire Magic
  2343 | D:3      | Reached skill level 1 in Ice Magic
  2343 | D:3      | Reached skill level 1 in Air Magic
  2343 | D:3      | Reached skill level 1 in Earth Magic
  2343 | D:3      | Reached skill level 1 in Poison Magic
  2540 | D:3      | Reached XP level 5. HP: 32/37 MP: 14/14
  2545 | D:3      | Found a glowing drain.
  2555 | Sewer    | Entered a sewer
  2829 | Sewer    | Noticed a big kobold
  2829 | Sewer    | Noticed a big kobold
  2846 | Sewer    | Killed a big kobold
  2855 | Sewer    | Killed a big kobold
  2855 | Sewer    | Reached XP level 6. HP: 15/44 MP: 16/16
  3100 | D:3      | Reached skill level 5 in Dodging
  3370 | D:3      | Learned a level 3 spell: Dazzling Spray
  3374 | D:3      | Learned a level 3 spell: Conjure Flame
  3472 | D:3      | Found a deep blue altar of Sif Muna.
  4098 | D:4      | Found a staircase to the Ecumenical Temple.
  4103 | D:4      | Found Itaugo Xag's Food Shop.
  4141 | D:4      | Noticed Blork the orc
  4162 | D:4      | Killed Blork the orc
  4162 | D:4      | Reached XP level 7. HP: 34/50 MP: 18/18
  4476 | D:4      | Found a deep blue altar of Sif Muna.
  4649 | D:4      | Found a glowing silver altar of Zin.
  4677 | D:4      | Learned a level 3 spell: Mephitic Cloud
  4715 | D:4      | Reached skill level 5 in Stealth
  4911 | D:4      | Found an ornate altar of the Wu Jian Council.
  5147 | D:5      | Entered Level 5 of the Dungeon
  5298 | D:5      | Reached XP level 8. HP: 50/57 MP: 19/19
  5330 | D:5      | Found a glowing silver altar of Zin.
  5971 | D:5      | Found a snail-covered altar of Cheibriados.
  5999 | D:5      | Became a worshipper of Cheibriados the Contemplative
  6215 | D:5      | Reached skill level 8 in Spellcasting
  6342 | D:6      | Noticed Menkaure
  6366 | D:6      | HP: 1/58 [Menkaure/nerve-wracking pain (4)]
  6367 | D:6      | Killed Menkaure
  6371 | D:6      | Slain by a sky beast

Vault maps used:
D:1:      minmay_arrival_cross
D:2:      lemuel_zombie_altar_kikubaaqudgha, first_ration,
          chequers_ecumenical_altar_twisty, uniq_robin
D:3:      cheibrodos_sewer_entry_drain, minivault_19, led_sif_book
D:4:      nicolae_overflow_crystal_walls, kennysheep_mini_moat,
          overflow_temple_1_default, temple_statues, serial_shops, shop_statue,
          uniq_blork_the_orc
D:5:      slow_altar_2, basic_altar
D:6:      dancing_weapons_uskayaw, serial_shops, nicolae_shop_trees, uniq_pikel,
          uniq_grinder, uniq_menkaure
Sewer:    kennysheep_pipe_town

Skill      XL: |  1  2  3  4  5  6  7  8 |
---------------+-------------------------+-----
Conjurations   | 2 3 |  3.7
Summonings     | 2 3 |  3.7
Translocations | 2 3 |  3.7
Invocations    | 1 2 3 4 |  4.0
Fighting       | 1 2 3 |  3.6
Short Blades   | 1 2 3 |  3.6
Long Blades    | 1 2 3 |  3.6
Axes           | 1 2 3 |  3.6
Maces & Flails | 1 2 3 |  3.6
Polearms       | 1 2 3 |  3.6
Staves         | 1 2 3 |  3.6
Slings         | 1 2 3 |  3.6
Bows           | 1 2 3 |  3.6
Crossbows      | 1 2 3 |  3.6
Throwing       | 1 2 3 |  3.6
Armour         | 1 2 3 |  3.6
Shields        | 1 2 3 |  3.6
Unarmed Combat | 1 2 3 |  3.6
Evocations     | 1 2 3 |  3.6
Hexes          | 1 2 3 |  3.0
Charms         | 1 2 3 |  3.0
Necromancy     | 1 2 3 |  3.0
Transmutations | 1 2 3 |  3.0
Fire Magic     | 1 2 3 |  3.0
Ice Magic      | 1 2 3 |  3.0
Air Magic      | 1 2 3 |  3.0
Earth Magic    | 1 2 3 |  3.0
Poison Magic   | 1 2 3 |  3.0
Dodging        | 5 |  5.9
Stealth        | 5 |  5.6
Spellcasting   | 8 |  8.1

Action                   |  1- 3 |  4- 6 |  7- 9 || total
-------------------------+-------+-------+-------++-------
Melee: Short sword       |   125 |   233 |     4 ||   362
       Bite              |     5 |    21 |    21 ||    47
       Punch             |     1 |     2 |     1 ||     4
       Hand axe          |       |       |   239 ||   239
 Cast: Magic Dart        |    42 |    14 |       ||    56
       Dazzling Spray    |       |     4 |       ||     4
       Blink             |       |       |     1 ||     1
  Use: Scroll            |     2 |     8 |     3 ||    13
       Potion            |     2 |     8 |    11 ||    21
 Stab: Sleeping          |       |    13 |     9 ||    22
  Eat: Chunk             |     3 |     3 |     6 ||    12
       Ration            |       |     2 |       ||     2
Armor: Leather armour    |    49 |    65 |    43 ||   157
       Skin              |    26 |       |       ||    26
Dodge: Dodged            |   153 |   188 |   213 ||   554

Table legend:
 A = Non-vault XP
 B = Vault XP
 C = Vault XP percentage of total XP
 D = Non-vault monster count
 E = Vault monster count
 F = Vault count percentage of total count
                 A         B        C        D         E       F
            +---------+---------+-------+---------+---------+-------
      Total |    1685 |     639 |  27.5 |      95 |      48 |  33.6
            +---------+---------+-------+---------+---------+-------
        D:1 |      22 |      10 |  31.2 |      11 |       5 |  31.2
        D:2 |      33 |      34 |  50.7 |      14 |      12 |  46.2
        D:3 |     161 |      76 |  32.1 |      24 |       4 |  14.3
        D:4 |     418 |      96 |  18.7 |      19 |       1 |   5.0
        D:5 |     851 |      18 |   2.1 |      21 |       1 |   4.5
        D:6 |     200 |     175 |  46.7 |       6 |       1 |  14.3
      Sewer |       0 |     230 | 100.0 |       0 |      24 | 100.0
            +---------+---------+-------+---------+---------+-------
